 Dungeon Crawl Stone Soup version 0.29-a0-676-ga64570c9d2 (webtiles) character file.

Game seed: 10328656109766042753

29210 IdlyInterested the Severer (level 13, -4/89 HPs)
             Began as a Demonspawn Gladiator on June 24, 2022.
             Was a High Priest of Okawaru.
             Slain by a boulder beetle (19 damage)
             ... on level 4 of the Lair of Beasts.
             The game lasted 00:58:52 (18412 turns).

IdlyInterested the Severer (Demonspawn Gladiator)  Turns: 18412, Time: 00:58:53

Health: -4/89      AC: 25    Str: 17    XL:     13   Next: 13%
Magic:  15/19      EV: 12    Int: 15    God:    Okawaru [*****.]
Gold:   1125       SH:  5    Dex: 16    Spells: 24/24 levels left

rFire   + . .      SeeInvis .   Q - +0 scimitar (flame)
rCold   . . .      Faith    .   (no shield)
rNeg    . . .      Spirit   .   B - +3 chain mail {rF+}
rPois   .          Reflect  +   c - +0 helmet
rElec   .          Harm     .   (no cloak)
rCorr   .          Rampage  .   K - +0 pair of gloves
Will    +....                   e - +0 pair of boots
Stlth   ++........              w - amulet of reflection
HPRegen 0.24/turn               o - ring of willpower
MPRegen 0.32/turn               p - +4 ring of protection

@: heroic, finesse-ful, slowed, studying 2 skills, unable to read, very slow
A: powered by pain 2, magic regeneration, sharp scales 2, weakness stinger 1,
thin skeletal structure 1, clever 1, frail 1, low MP 1, subdued magic 1,
inability to read while threatened, sturdy frame 1
a: Renounce Religion, Heroism, Finesse, Duel


You were on level 4 of the Lair of Beasts.
You worshipped Okawaru.
Okawaru was extremely pleased with you.
You visited 3 branches of the dungeon, and saw 16 of its levels.
You also visited: Sewer.

You collected 1188 gold pieces.
You spent 63 gold pieces at shops.

Inventory:

Hand Weapons
 a - a +2 vampiric war axe
 h - the +8 hunting sling "Gaeh" {venom, +Blink rF++ Will- SInv}
   (You found it on level 2 of the Dungeon)

   Any ammunition fired from it poisons the flesh of those it strikes.
   rF:        It greatly protects you from fire.
   SInv:      It lets you see invisible.
   +Blink:    It lets you blink.
   Will:      It decreases your willpower.
 k - the +5 whip "Wuanerch" {flame, *Rage rC+ SInv}
   (You found it on level 9 of the Dungeon)

   It burns those it strikes, dealing additional fire damage.
   rC:        It protects you from cold.
   SInv:      It lets you see invisible.
   *Rage:     It berserks you when you make melee attacks (+20% chance).
 u - a +0 war axe
 O - a +5 battleaxe of electrocution
 Q - a +0 scimitar of flaming (weapon)
 Y - the +3 war axe of Peace {vorpal, rN+}
   (Okawaru gifted it to you on level 1 of the Lair of Beasts)

   It inflicts extra damage upon your enemies.
   rN:        It protects you from negative energy.
Missiles
 d - 3 throwing nets
 C - 4 javelins
 G - 20 boomerangs
 H - 33 poisoned darts (quivered)
 I - 4 curare-tipped darts
 P - 6 boomerangs of dispersal
 U - 5 atropa-tipped darts
 W - 12 silver javelins
Armour
 c - a +0 helmet (worn)
 e - a +0 pair of boots (worn)
 g - a +0 hat
 i - a +0 buckler
 B - a +3 chain mail of fire resistance (worn)
 J - a +2 scale mail of cold resistance
 K - a +0 pair of gloves (worn)
 N - an orb of light
 T - +0 acid dragon scales
Jewellery
 o - a ring of willpower (left hand)
 p - a +4 ring of protection (right hand)
 r - an amulet of magic regeneration
 w - an amulet of reflection (around neck)
 D - a ring of flight
 E - a ring of poison resistance
Wands
 A - a wand of iceblast (7)
 S - a wand of acid (10)
Scrolls
 b - 3 scrolls of blinking
 f - 12 scrolls of identify
 s - 4 scrolls of fear
 t - a scroll of teleportation
 v - 2 scrolls of magic mapping
 x - 3 scrolls of immolation
 y - a scroll of amnesia
 L - 2 scrolls of fog
 X - 2 scrolls of enchant weapon
Potions
 j - 8 potions of curing
 l - 2 potions of cancellation
 m - 3 potions of resistance
 n - a potion of might
 q - 5 potions of attraction
 z - a potion of flight
 F - 3 potions of brilliance
 M - a potion of heal wounds
 R - 3 potions of ambrosia
 Z - a potion of lignification


   Skills:
 * Level 8.6(13.6) Fighting
 * Level 15.1(20.1) Axes
 - Level 2.0(7.0) Throwing
 - Level 6.0(11.0) Armour
 - Level 3.0(8.0) Dodging
 - Level 1.0(6.0) Stealth
 - Level 4.0(9.0) Shields
 - Level 6.0 Spellcasting
 - Level 10.0 Invocations
 - Level 2.0 Evocations


You had 24 spell levels left.
You didn't know any spells.
Your spell library contained the following spells:

 Spells                   Type           Power      Damage    Failure   Level
 Apportation              Tloc           6%         N/A       54%         1
 Magic Dart               Conj           12%        1d3       54%         1
 Ensorcelled Hibernation  Hex/Ice        6%         N/A       71%         2
 Sublimation of Blood     Necr           3%         N/A       71%         2
 Wereblood                Tmut           3%         N/A       71%         2
 Dazzling Flash           Conj/Hex       6%         N/A       90%         3
 Mephitic Cloud           Conj/Pois/Air  3%         N/A       90%         3
 Spider Form              Tmut/Pois      3%         N/A       90%         3
 Anguish                  Hex/Necr       1%         N/A       100%        4
 Petrify                  Tmut/Erth      3%         N/A       100%        4
 Agony                    Necr           3%         N/A       100%        5
 Alistair's Intoxication  Tmut/Pois      2%         N/A       100%        5
 Metabolic Englaciation   Hex/Ice        1%         N/A       100%        5
 Silence                  Hex/Air        1%         N/A       100%        5
 Statue Form              Tmut/Erth      2%         N/A       100%        6
 Call Imp                 Summ           Unusable   N/A       N/A         2
 Summon Hydra             Summ           Unusable   N/A       N/A         7

Dungeon Overview and Level Annotations

Branches:
Dungeon (11/15)            Temple (1/1) D:5            Lair (4/6) D:8
 Shoals (0/4) Lair:2          Orc (0/2) D:11          Sewer (visited)
  Snake: Lair:2-4    Spider: Lair:2-4

Altars:
Ashenzari
Cheibriados
Dithmenos
Elyvilon
Fedhas
Gozag
Hepliaklqana
Kikubaaqudgha
Makhleb
Nemelex Xobeh
Okawaru
Qazlal
Ru
Sif Muna
Trog
Uskayaw
Vehumet
Wu Jian
Xom
Yredelemnul
Zin
The Shining One
Beogh

Shops:
D:4 (:   D:9 =


Innate Abilities, Weirdness & Mutations

You sometimes gain power by taking damage.
You regenerate magic rapidly.
You are mostly covered in razor-sharp scales. (AC +2, Slay +2)
You have a small tail.
You have a somewhat thin skeletal structure. (Dex +2, Stealth+)
Your mind is acute. (Int +4, Str/Dex-1)
You are frail. (-10% HP)
Your magical capacity is low. (-10% MP)
Your spells are a little easier to cast, but a little less powerful.
You sometimes lose the ability to read scrolls when taking damage.
Your movements are slightly less encumbered by armour. (ER -2)


Message History

You block the four-headed hydra's attack.
You hack one of the four-headed hydra's heads off!
The flame cauterises the wound!
You slash the three-headed hydra! You burn the three-headed hydra.
The three-headed hydra is moderately wounded.
You block the three-headed hydra's attack.
The three-headed hydra closely misses you. x2
You hit the three-headed hydra. You burn the three-headed hydra.
You tail-slap the three-headed hydra!
The three-headed hydra is moderately wounded.
The three-headed hydra bites you but does no damage. x2
The three-headed hydra misses you.
The boulder beetle leaps!
You slice one of the three-headed hydra's heads off!
The flame cauterises the wound!
You slash the two-headed hydra! You burn the two-headed hydra.
The two-headed hydra is heavily wounded.
You block the two-headed hydra's attack.
The two-headed hydra bites you.
* * * LOW HITPOINT WARNING * * *
The boulder beetle curls into a ball and begins rolling!
You chop one of the two-headed hydra's heads off!
The flame cauterises the wound!
You hit the one-headed hydra. You burn the one-headed hydra.
The one-headed hydra is severely wounded.
The one-headed hydra bites you but does no damage.
You hit the one-headed hydra. You burn the one-headed hydra.
You tail-slap the one-headed hydra.
The one-headed hydra is severely wounded.
You chop the one-headed hydra's last head off!
You kill the one-headed hydra!
Okawaru accepts your kill. You block the boulder beetle's attack.
The boulder beetle stops rolling and uncurls.
Training target 10.0 for Invocations reached!
Your Invocations skill increases to level 10!
Okay, then.
You hit the boulder beetle but do no damage.
The boulder beetle is severely wounded.
The boulder beetle bites you!!
You die...

.....# .....# ♣... ...♣
.....# ♣..+#####+..♣ .....#
♣..#.....#..♣ .....#
#♣♣..#.....#..♣♣ .....#
....#..°..#... .....#
♣..#w°...#..♣ .....#
♣..#B....#..♣ ....##
♣..@#####+..♣ )..##
♣...........♣ ...##
♣......÷....♣ ....##
♣♣♣♣♣♣.♣♣♣♣♣♣ ...#.# ♣÷♣
...#.# ### ####♣.♣####
...P.#♣♣.♣♣ ♣♣♣...÷.....♣
.....#♣...♣♣♣..♣♣♣♣.♣♣♣♣..♣
♣ .....†.......♣♣♣...≈...♣
...


You could see a boulder beetle and a torpor snail.

Vanquished Creatures
  The ghost of siradein the Fighter, a journeyman DrBe of Trog (D:11)
  4 hydras
  A boulder beetle (Lair:4)
  A two-headed ogre (D:11)
  4 death yaks
  An ugly thing (D:11)
  A manticore (Lair:4)
  2 elephants
  9 black mambas
  2 gargoyles
  5 cane toads
  5 komodo dragons
  Maggie (D:9)
  A rime drake (Lair:2)
  A troll (D:9)
  A polar bear (Lair:3)
  2 hornets
  A blink frog (Lair:4)
  36 yaks
  2 vampires
  A wraith (D:6)
  3 wyverns
  2 basilisks (Lair:3)
  An acid dragon (D:11)
  17 water moccasins
  2 sky beasts (D:7)
  7 orc warriors
  2 black bears
  An ogre (D:9)
  A phantom (D:6)
  2 centaurs
  3 kobold brigands
  A gnoll sergeant (D:9)
  10 bullfrogs
  A necrophage (D:5)
  5 scorpions
  10 wights
  24 killer bees
  2 howler monkeys
  11 orc priests
  4 hounds
  3 jellies
  9 orc wizards
  4 gnolls (D:6)
  17 adders
  3 shadow imps
  3 worms
  3 dart slugs
  62 orcs
  13 endoplasms
  13 giant cockroaches
  6 goblins
  8 hobgoblins
  2 jackals (D:1)
  17 kobolds
  9 quokkas
  11 ball pythons
  8 bats
  8 frilled lizards
  7 rats
397 creatures vanquished.

Vanquished Creatures (others)
  13 fungi
  30 plants
43 creatures vanquished.

Grand Total: 440 creatures vanquished

Notes
Turn   | Place    | Note
-------+----------+-------------------------------------------
     0 | D:1      | IdlyInterested the Demonspawn Gladiator began the quest for
                  | the Orb.
     0 | D:1      | Reached XP level 1. HP: 16/16 MP: 1/1
   118 | D:1      | Gained mutation: You sometimes gain a little power by
                  | taking damage. [demonic ancestry]
   118 | D:1      | Reached XP level 2. HP: 18/22 MP: 2/2
   194 | D:1      | Reached skill level 3 in Axes
   496 | D:1      | Found a faded altar of an unknown god.
   767 | D:1      | Gained mutation: You are partially covered in razor-sharp
                  | scales. (AC +1, Slay +1) [demonic ancestry]
   767 | D:1      | Reached XP level 3. HP: 24/28 MP: 3/3
  1232 | D:2      | Identified the +8 hunting sling "Gaeh" {venom, +Blink rF++
                  | Will- SInv}
  1731 | D:2      | Reached skill level 1 in Invocations
  1835 | D:2      | Gained mutation: You have sharp toenails. [potion of
                  | mutation]
  1835 | D:2      | Gained mutation: Your spells are a little easier to cast,
                  | but a little less powerful. [potion of mutation]
  1835 | D:2      | Gained mutation: You have hidden genetic defects. [potion
                  | of mutation]
  1883 | D:3      | Gained mutation: You are mostly covered in razor-sharp
                  | scales. (AC +2, Slay +2) [demonic ancestry]
  1883 | D:3      | Reached XP level 4. HP: 27/35 MP: 4/4
  2083 | D:3      | Gained mutation: You are clumsy. (Dex -2) [hidden defects]
  2098 | D:3      | Reached skill level 1 in Stealth
  2167 | D:3      | Reached skill level 1 in Evocations
  2167 | D:3      | Gained mutation: You are very clumsy. (Dex -4) [hidden
                  | defects]
  2167 | D:3      | Lost mutation: You have hidden genetic defects. [hidden
                  | defects expressed]
  2475 | D:3      | Found an iron altar of Okawaru.
  2817 | D:3      | Gained mutation: You regenerate magic rapidly. [demonic
                  | ancestry]
  2817 | D:3      | Reached XP level 5. HP: 41/41 MP: 5/5
  2873 | D:3      | Reached skill level 4 in Axes
  3153 | D:4      | Reached skill level 1 in Spellcasting
  3178 | D:4      | Reached skill level 1 in Armour
  3178 | D:4      | Reached XP level 6. HP: 20/47 MP: 8/8
  3335 | D:4      | Found a glowing drain.
  3342 | Sewer    | Entered a sewer
  4101 | D:4      | Reached XP level 7. HP: 40/52 MP: 11/11
  4182 | D:4      | Lost mutation: You are very clumsy. (Dex -4) [potion of
                  | mutation]
  4182 | D:4      | Lost mutation: You have sharp toenails. [potion of
                  | mutation]
  4182 | D:4      | Gained mutation: Your magical capacity is low. (-10% MP)
                  | [potion of mutation]
  4182 | D:4      | Gained mutation: Your muscles are strong. (Str +4,
                  | Int/Dex-1) [potion of mutation]
  4182 | D:4      | Gained mutation: You have hidden genetic potential. [potion
                  | of mutation]
  4182 | D:4      | Lost mutation: You are clumsy. (Dex -2) [potion of
                  | mutation]
  4355 | D:4      | Reached skill level 5 in Axes
  4530 | D:4      | Found Lekkunio's Book Boutique.
  4532 | D:4      | Found Cadothoe's Weapon Boutique.
  5005 | D:5      | Entered Level 5 of the Dungeon
  5352 | D:5      | Found a blossoming altar of Fedhas.
  5607 | D:5      | Found a staircase to the Ecumenical Temple.
  5612 | Temple   | Entered the Ecumenical Temple
  5871 | D:3      | Became a worshipper of Warmaster Okawaru
  6351 | D:5      | Identified the +8 quarterstaff of the Enchanted Forest
                  | {venom, rN+ Int+3 Dex-4}
  6510 | D:4      | Bought 5 boomerangs for 35 gold pieces
  6510 | D:4      | Bought 5 poisoned darts for 28 gold pieces
  6598 | D:6      | Found a shadowy altar of Dithmenos.
  6737 | D:6      | Reached skill level 6 in Axes
  6818 | D:6      | Reached XP level 8. HP: 32/58 MP: 11/11
  6827 | D:6      | Gained mutation: You have supernaturally acute eyesight.
                  | (SInv) [hidden potential]
  7109 | D:6      | Reached * piety under Okawaru
  7110 | D:6      | Reached skill level 7 in Axes
  7985 | D:7      | Reached skill level 5 in Armour
  8096 | D:7      | Reached skill level 8 in Axes
  8104 | D:7      | Reached XP level 9. HP: 61/63 MP: 12/12
  8130 | D:7      | Reached ** piety under Okawaru
  8141 | D:7      | Gained mutation: Your flesh is heat resistant. (rF+)
                  | [hidden potential]
  8141 | D:7      | Lost mutation: You have hidden genetic potential. [hidden
                  | potential expressed]
  8143 | D:7      | Lost mutation: Your magical capacity is low. (-10% MP)
                  | [potion of mutation]
  8143 | D:7      | Lost mutation: Your flesh is heat resistant. (rF+) [potion
                  | of mutation]
  8143 | D:7      | Lost mutation: Your muscles are strong. (Str +4, Int/Dex-1)
                  | [potion of mutation]
  8143 | D:7      | Gained mutation: You are frail. (-10% HP) [potion of
                  | mutation]
  8143 | D:7      | Gained mutation: Your movements are slightly less
                  | encumbered by armour. (ER -2) [potion of mutation]
  8143 | D:7      | Gained mutation: Your mind is acute. (Int +4, Str/Dex-1)
                  | [potion of mutation]
  8779 | D:8      | Noticed a death yak
  8780 | D:8      | Found a staircase to the Lair.
  8780 | D:8      | Noticed a death yak
  8791 | D:8      | Killed a death yak
  8792 | D:8      | Reached skill level 9 in Axes
  8792 | D:8      | Noticed a death yak
  8801 | D:8      | Killed a death yak
  8801 | D:8      | Reached *** piety under Okawaru
  8802 | D:8      | Reached skill level 10 in Axes
  8811 | D:8      | Reached XP level 10. HP: 63/64 MP: 14/14
  8817 | D:8      | Killed a death yak
  8917 | D:8      | Reached skill level 5 in Fighting
  8917 | D:8      | Reached skill level 11 in Axes
  9031 | D:8      | Reached **** piety under Okawaru
 10118 | D:9      | Received a gift from Okawaru
 10234 | D:9      | Reached skill level 12 in Axes
 10240 | D:9      | Identified the +5 whip "Wuanerch" {flame, *Rage rC+ SInv}
 10367 | D:9      | Found a stormy altar of Qazlal.
 10376 | D:9      | Found a radiant altar of Vehumet.
 10392 | D:9      | Found a basalt altar of Yredelemnul.
 10400 | D:9      | Found a snail-covered altar of Cheibriados.
 10501 | D:9      | Received a gift from Okawaru
 10719 | D:9      | Found Abruqade's Jewellery Emporium.
 10756 | D:9      | Gained mutation: You have a small tail. [demonic ancestry]
 10756 | D:9      | Reached XP level 11. HP: 72/72 MP: 17/17
 10815 | D:9      | Noticed Maggie
 10838 | D:9      | Killed Maggie
 11002 | D:9      | Reached skill level 1 in Shields
 11150 | D:10     | Entered Level 10 of the Dungeon
 11170 | D:10     | Reached ***** piety under Okawaru
 11287 | D:10     | Lost mutation: Your movements are slightly less encumbered
                  | by armour. (ER -2) [potion of mutation]
 11287 | D:10     | Lost mutation: You have supernaturally acute eyesight.
                  | (SInv) [potion of mutation]
 11287 | D:10     | Gained mutation: You sometimes lose the ability to read
                  | scrolls when taking damage. [potion of mutation]
 11287 | D:10     | Gained mutation: Your magical capacity is low. (-10% MP)
                  | [potion of mutation]
 11287 | D:10     | Gained mutation: You have a somewhat thin skeletal
                  | structure. (Dex +2, Stealth+) [potion of mutation]
 11287 | D:10     | Gained mutation: Your movements are slightly less
                  | encumbered by armour. (ER -2) [potion of mutation]
 11450 | D:10     | Received a gift from Okawaru
 12053 | D:10     | Found a shimmering blue altar of Sif Muna.
 12650 | D:11     | Noticed a red ugly thing
 12650 | D:11     | Noticed a two-headed ogre
 12659 | D:11     | Killed a red ugly thing
 12661 | D:11     | Killed a two-headed ogre
 12661 | D:11     | Received a gift from Okawaru
 12662 | D:11     | Reached skill level 13 in Axes
 12662 | D:11     | Reached skill level 5 in Spellcasting
 12674 | D:11     | Found a staircase to the Orcish Mines.
 13197 | D:11     | Found a runed translucent door.
 13217 | D:11     | Noticed siradein's ghost (journeyman DrBe)
 13430 | D:11     | Killed siradein's ghost
 13616 | Lair:1   | Entered Level 1 of the Lair of Beasts
 13810 | Lair:1   | Received a gift from Okawaru
 13811 | Lair:1   | Reached skill level 5 in Invocations
 14301 | Lair:1   | Identified the +3 war axe of Peace {vorpal, rN+} (Okawaru
                  | gifted it to you on level 1 of the Lair of Beasts)
 14301 | Lair:1   | Received a gift from Okawaru
 14336 | Lair:1   | Noticed a six-headed hydra
 14350 | Lair:1   | Killed a one-headed hydra
 14692 | Lair:2   | Reached XP level 12. HP: 79/79 MP: 18/18
 14804 | Lair:2   | Found a staircase to the Shoals.
 15125 | Lair:2   | Noticed an eight-headed hydra
 15138 | Lair:2   | Killed a two-headed hydra
 15138 | Lair:2   | Received a gift from Okawaru
 15325 | Lair:2   | Reached skill level 14 in Axes
 16176 | Lair:3   | Noticed an eight-headed hydra
 16185 | Lair:3   | Killed a five-headed hydra
 16644 | Lair:3   | Noticed a death yak
 16658 | Lair:3   | Killed a death yak
 17367 | Lair:3   | Received a gift from Okawaru
 17701 | Lair:4   | Noticed a boulder beetle
 17718 | Lair:4   | Killed a boulder beetle
 17718 | Lair:4   | Reached ****** piety under Okawaru
 17886 | Lair:4   | Received a gift from Okawaru
 17887 | Lair:4   | Reached skill level 15 in Axes
 17957 | Lair:4   | Gained mutation: You sometimes gain power by taking damage.
                  | [demonic ancestry]
 17957 | Lair:4   | Reached XP level 13. HP: 81/88 MP: 19/19
 18412 | Lair:4   | Reached skill level 10 in Invocations
 18412 | Lair:4   | Slain by a boulder beetle

Illustrated notes

Levels and vault maps discovered:
D:1:      amcnicky_arrival_feature_with_door, layout_loops_cross,
          chequers_ecumenical_altar_simple, kennysheep_another_room,
          minmay_domino_2
D:2:      layout_rooms, nrook_mini_vaults, grunt_ministairs_15, st_stairs_14,
          minmay_increasing_density
D:3:      layout_basic, okawaru_gym_becter
D:4:      layout_loops_cross, gup_sewer_entry_bubbles, nicolae_wooded_promenade
D:5:      layout_basic, mainiacjoe_overflow_catwalk,
          minmay_temple_entry_nine_rooms, grunt_decor_junction
D:6:      layout_basic, mainiacjoe_overflow_six_doors_small
D:7:      layout_loops_ring
D:8:      layout_basic, dpeg_lair_monsters
D:9:      layout_gridville, nicolae_overflow_quartered_altars, special_room
          [special_room_orc], serial_shops, kennysheep_mini,
          minmay_quadrilaterals, uniq_maggie
D:10:     layout_irregular_city, led_sif_pool
D:11:     layout_long_grid, david_orc_3, ebering_ghost_reflecting_pool,
          zin_treasury
Temple:   eino_narrow_crystal_temple
Lair:1:   layout_loops_ring, st_stairs_4
Lair:2:   layout_regular_city, shoals_dummy_entry, cheibrodos_lair_reptile_den
Lair:3:   layout_misc_corridors, serial_bayou_pond_c, nzn_random_ring
Lair:4:   nzn_winding_woodlands_large [nzn_winding_woodlands_5x5_open_star,
          nzn_winding_woodlands_5x15_eye, nzn_winding_woodlands_5x5_default,
          nzn_winding_woodlands_center_garden,
          nzn_winding_woodlands_15x15_killbox,
          nzn_winding_woodlands_center_pierced_h,
          nzn_winding_woodlands_hourglass, nzn_winding_woodlands_5x15_pockets,
          nzn_winding_woodlands_5x5_checkerboard], layout_long_grid,
          nicolae_spider_entry_non_spiders, fungi_pond_lemuel

Skill      XL: |  1  2  3  4  5  6  7  8  9 10 11 12 13 |
---------------+----------------------------------------+-----
Dodging        | 3 |  3.0
Axes           | 3 4 6 8 10 12 13 15 | 15.1
Throwing       | 2 |  2.0
Fighting       | 3 4 6 8 |  8.6
Invocations    | 1 3 6 9 10 | 10.0
Stealth        | 1 |  1.0
Evocations     | 1 2 |  2.0
Spellcasting   | 1 3 4 5 6 |  6.0
Armour         | 1 2 3 5 6 |  6.0
Shields        | 4 |  4.0

Action                   |  1- 3 |  4- 6 |  7- 9 | 10-12 | 13-15 || total
-------------------------+-------+-------+-------+-------+-------++-------
Melee: War axe           |   119 |   201 |   266 |   301 |       ||   887
       Punch             |     1 |       |     4 |     3 |       ||     8
       Kick              |     1 |    41 |     2 |       |       ||    44
       Battleaxe         |       |       |       |   300 |    37 ||   337
       Tailslap          |       |       |       |    56 |    10 ||    66
       Scimitar          |       |       |       |    19 |     8 ||    27
Throw: Javelin           |       |     1 |       |     1 |       ||     2
       Boomerang         |       |       |     2 |     1 |       ||     3
       Dart              |       |       |       |   133 |    12 ||   145
Invok: Heroism           |       |       |     1 |     5 |     1 ||     7
       Finesse           |       |       |       |     1 |     1 ||     2
Evoke: Wand              |       |       |       |     3 |       ||     3
  Use: Potion            |     9 |     5 |     4 |     1 |       ||    19
       Scroll            |     6 |     3 |     8 |     6 |       ||    23
 Stab: Sleeping          |     3 |       |       |       |       ||     3
       Invisible         |     1 |       |       |       |       ||     1
Armor: Leather armour    |    24 |       |       |       |       ||    24
       Chain mail        |    16 |   137 |   132 |   342 |    34 ||   661
       Skin              |       |    18 |       |       |       ||    18
Dodge: Dodged            |    74 |    79 |   106 |   246 |    21 ||   526
Block: Other             |       |       |    55 |    94 |    18 ||   167
       Reflection        |       |       |     1 |     7 |       ||     8
       Buckler           |       |       |       |    81 |       ||    81

Table legend: (Time is in decaauts)
 A = Elapsed time spent in this place.
 B = Non-inter-level travel time spent in this place.
 C = Inter-level travel time spent in this place.
 D = Time resting spent in this place.
 E = Time spent auto-exploring this place.
 F = Levels seen in this place.
 G = Mean time per level.
                   A        B        C        D        E       F      G
               +--------+--------+--------+--------+--------+-----+--------+
         Total |  18616 |  17592 |   1024 |   2685 |  11058 |  17 | 1095.1 |
       Dungeon |  12917 |  12044 |    873 |   1575 |   7726 |  11 | 1174.3 |
        Temple |    178 |    164 |     14 |      0 |    156 |   1 |  178.0 |
          Lair |   4790 |   4654 |    136 |    794 |   3168 |   4 | 1197.5 |
         Sewer |    730 |    730 |      0 |    316 |      7 |   1 |  730.0 |
               +--------+--------+--------+--------+--------+-----+--------+

Top non-repeatable levels by time:
  Lair:3: 1796 daAuts
    D:10: 1461 daAuts
     D:4: 1440 daAuts
     D:9: 1316 daAuts
     D:6: 1300 daAuts
     D:3: 1287 daAuts
     D:5: 1233 daAuts
     D:1: 1176 daAuts
  Lair:2: 1169 daAuts
     D:8: 1136 daAuts
  Lair:1: 1065 daAuts
    D:11: 963 daAuts
     D:7: 892 daAuts
  Lair:4: 758 daAuts
   Sewer: 730 daAuts
